[Event "Late-Titled-Tuesday-Blitz-August-29-2023"]
[Site "Chess.com"]
[Date "2023.08.29"]
[Round "3"]
[White "Jaka_Brilej"]
[Black "Aygehovit1992"]
[Result "1-0"]
[WhiteElo "2510"]
[BlackElo "2721"]
[TimeControl "180+1"]
[EndTime "14:28:02 PDT"]
[Termination "Jaka_Brilej won by resignation"]

1. d4 Nf6 2. Bg5 Ne4 3. h4 c5 4. dxc5 Qa5+ 5. Nd2 e6 6. c3 Nxg5 7. hxg5 Qxc5 8. g6 fxg6 9. e3 Nc6 10. Ngf3 b6 11. Bd3 Ne7 12. Qc2 Nf5 13. g4 Nh6 14.
O-O-O Bb7 15. Bxg6+ hxg6 16. Qxg6+ Kd8 17. g5 Kc7 18.
gxh6 Rxh6 19. Rxh6 gxh6 20. Ne4 Bxe4 21. Qxe4 Rd8 22.
Ne5 Bd6 23. Nf7 Be7 24. Nxd8 Bxd8 25. Qa8 Qc6 26. Qxa7+ Kc8 27. Qa6+ Kc7 28. Rd4 d5 29. Rg4 Bg5 30. f4 Qc5 31. Qd3 Be7 32. Rg7 h5 33.
Qd4 Qd6 34. Qf6 Kd7 35. Qh6 h4 36. Qxh4 Qc5 37. Kd2 b5 38. Qxe7+ Qxe7 39. Rxe7+ Kxe7 40. b3 Kd6 41. a4 bxa4 42. bxa4 Kc5 43. Kd3 Kb6 44. Kd4 Ka5 45. Ke5 d4 46. cxd4 1-0

[Event "Late-Titled-Tuesday-Blitz-August-29-2023"]
[Site "Chess.com"]
[Date "2023.08.29"]
[Round "3"]
[White "tgpgoat"]
[Black "JosephRyan"]
[Result "0-1"]
[WhiteElo "2480"]
[BlackElo "2375"]
[TimeControl "180+1"]
[EndTime "14:28:02 PDT"]
[Termination "JosephRyan won by resignation"]

1. Nf3 d5 2. g3 Nc6 3. d4 Bf5 4. Bg2 Nb4 5. Na3 e6 6. c3 Nc6 7. Nc2 Nf6 8. Nh4 Be4 9. f3 Bg6 10. Nxg6 hxg6 11. O-O Be7 12. e4 Qd7 13. Bf4 O-O-O 14.
b4 Rh5 15. Ne3 Rdh8 16. g4 R5h7 17. b5 Na5 18. Qa4 b6 19. c4 dxc4 20. d5 exd5 21. exd5 Bd6 22. Bxd6 Qxd6 23. Kf2 Rxh2 24. Rh1 Rxh1 25.
Rxh1 Rxh1 26. Bxh1 Qe5 27. Qc2 Qd4 28. Ke2 Nxd5 29. Nxd5 Qxd5 30. Qc3 f6 31. Qe3 Qd3+ 32.
Qxd3 cxd3+ 33. Kxd3 Nb7 34. f4 Nd6 35. a4 Kd8 36. Kd4 Ke7 37. Kd5 Kd7 38. Bg2 Nc8 39.
Be4 Ne7+ 40. Kd4 Kd6 41. Bg2 c6 42. bxc6 Nxc6+ 43. Kc4 Nd8 44. Kb5 Ne6 45. Ka6 Nxf4 46. Bf3 Kc7 47. Kxa7 Nd3 48. Ka6 Ne5 49. Bd1 f5 50.
gxf5 gxf5 51. Kb5 g5 52. Kb4 g4 53. Kc3 g3 54. Kd4 g2 55. Kxe5 g1=Q 56. Bf3 Qe3+ 57. Kxf5 Qxf3+ 0-1

[Event "Late-Titled-Tuesday-Blitz-August-29-2023"]
[Site "Chess.com"]
[Date "2023.08.29"]
[Round "3"]
[White "Witik"]
[Black "FairChess_on_YouTube"]
[Result "0-1"]
[WhiteElo "2788"]
[BlackElo "3060"]
[TimeControl "180+1"]
[EndTime "14:28:04 PDT"]
[Termination "FairChess_on_YouTube won on time"]

1. e4 c5 2. Nf3 Nc6 3. d4 cxd4 4. Nxd4 Nf6 5. Nc3 e6 6. Ndb5 Bb4 7. a3 Bxc3+ 8.
Nxc3 d5 9. exd5 exd5 10. Bd3 d4 11. Ne2 O-O 12. O-O Bg4 13. Bg5 Re8 14. f3 Bh5 15. Nf4 Bg6 16. Nxg6 hxg6 17. Qd2 Qb6 18. b3 Nd5 19.
Rfe1 Ne5 20. h4 Rac8 21. Kh1 f6 22. Be4 Qc5 23. Bf4 Rcd8 24. Bg3 Ne3 25. c3 Nf5 26. Bxf5 gxf5 27. cxd4 Rxd4 28. Qe3 Red8 29. Bxe5 fxe5 30.
Qg5 Qd6 31. Rac1 Qf6 32. Qxf6 gxf6 33. Rc7 Rxh4+ 34. Kg1 Rh7 35. Rec1 Rdd7 36. Rc8+ Kf7 37. R1c2 f4 38. Kf2 Ke6 39. Re8+ Kf5 40. Rec8 Rd3 41.
R8c3 Rd1 42. Ke2 Rhh1 43. Rc8 Rb1 0-1

[Event "Late-Titled-Tuesday-Blitz-August-29-2023"]
[Site "Chess.com"]
[Date "2023.08.29"]
[Round "3"]
[White "Fandorine"]
[Black "rdarruda"]
[Result "0-1"]
[WhiteElo "2914"]
[BlackElo "2572"]
[TimeControl "180+1"]
[EndTime "14:28:04 PDT"]
[Termination "rdarruda won by resignation"]

1. Nf3 d5 2. c4 Nf6 3. cxd5 Nxd5 4. e4 Nb6 5. d4 g6 6. Nc3 Bg7 7. Be3 O-O 8. Qd2 Bg4 9. h4 Nc6 10. O-O-O e5 11. d5 Nd4 12. Be2 Nxe2+ 13. Qxe2 Qe7 14.
Qb5 c6 15. Qc5 Qxc5 16. Bxc5 Rfc8 17. Bxb6 axb6 18. Kb1 b5 19. Rd3 b4 20. Nd1 f5 21.
Nd2 fxe4 22. Nxe4 cxd5 23. Rxd5 Rd8 24. Rxd8+ Rxd8 25. Ne3 Bf5 26. Nxf5 gxf5 27. Ng3 Rd2 28. Nxf5 Rxf2 29. g4 e4 30. Nxg7 Kxg7 31. Rc1 Kf6 32. Rc8 Ke5 33. g5 e3 34. Kc1 Kf4 35. Re8 Rh2 36. Kd1 Rxh4 37. Rf8+ Kxg5 38. Ke2 Rh2+ 39. Kxe3 Rxb2 40. Rf7 h5 41. Rg7+ Kf5 42. Rxb7 h4 43. Kf3 h3 44. Rb5+ Ke6 45. Ke4 h2 46. Rb6+ Kd7 47. Rh6 Rxa2 48. Kd3 Rb2 49. Kc4 Ke7 50. Kd3 Kf7 51. Kc4 Kg7 52. Rh3 Kg6 53. Rg3+ Kf5 54. Rh3 Kg4 55. Rh8 Kg3 56. Rg8+ Kf2 57. Rf8+ Kg1 58.
Rg8+ Rg2 0-1

[Event "Late-Titled-Tuesday-Blitz-August-29-2023"]
[Site "Chess.com"]
[Date "2023.08.29"]
[Round "3"]
[White "ilya2700"]
[Black "Dare-Dare"]
[Result "1-0"]
[WhiteElo "2107"]
[BlackElo "2504"]
[TimeControl "180+1"]
[EndTime "14:28:04 PDT"]
[Termination "ilya2700 won by resignation"]

1. c4 d6 2. Nc3 e5 3. d4 exd4 4.
Qxd4 Nc6 5. Qd2 Nf6 6. e4 Be7 7. Nh3 Bxh3 8. gxh3 Ne5 9. Be2 c6 10. f4 Ned7 11. b3 Qb6 12. Bb2 O-O-O 13. Na4 Qc7 14. Qe3 Kb8 15. O-O-O Rhe8 16. Bf3 Bf8 17. Kb1 g6 18. Rd4 Bg7 19. Rhd1 Nb6 20. Nxb6 Qxb6 21. Qd3 d5 22. e5 Nd7 23. cxd5 Nc5 24. Qd2 cxd5 25.
Rxd5 Rc8 26. Bd4 Bf8 27. Qe3 Qb4 28. Bc3 Qa3 29. Bb2 Qb4 30. a3 Qxb3 31. Qxb3 Nxb3 32. Rd7 Rc7 33. Rd8+ Rc8 34. Rxe8 Rxe8 35. Bd5 Nc5 36. Bxf7 Re7 37. Bc4 Bh6 38. Rd8+ Kc7 39. Rd4 Rd7 40.
Rxd7+ Kxd7 41. Bd4 Kc6 42. e6 b6 43. e7 Kd7 44.
Bf6 a6 45. Bf7 1-0

[Event "Late-Titled-Tuesday-Blitz-August-29-2023"]
[Site "Chess.com"]
[Date "2023.08.29"]
[Round "3"]
[White "cthake"]
[Black "subham777"]
[Result "0-1"]
[WhiteElo "1862"]
[BlackElo "2519"]
[TimeControl "180+1"]
[EndTime "14:28:04 PDT"]
[Termination "subham777 won by resignation"]

1. e4 e6 2. d3 c5 3. g3 Nc6 4. Bg2 g6 5. Ne2 Bg7 6. O-O d6 7. Nbc3 Nge7 8. f4 O-O 9. h3 f5 10. Qe1 e5 11. Be3 Nd4 12. Qd2 a6 13. a4 Be6 14. Nd5 fxe4 15. Nxe7+ Qxe7 16. dxe4 Rae8 17. Ra3 Nxe2+ 18. Qxe2 exf4 19. gxf4 Qf7 20. Kh1 Bc4 21. Qf2 Bxf1 22. Qxf1 Be5 23. fxe5 Qxf1+ 24. Bxf1 Rxf1+ 25. Kg2 Rf7 26. exd6 Rxe4 27. Bxc5 Rc4 28. b4 Rxc2+ 29. Kg3 Rd2 30. Re3 b6 31. Re8+ Kg7 32. Bxb6 Rxd6 33. Bc5 Rd3+ 34. Kg2 Rff3 35. Re7+ Kh6 36. Re4 Rxh3 37.
Bf8+ Kg5 38. Be7+ Kf5 39. Rc4 Rhg3+ 40. Kf2 Rdf3+ 41. Ke2 Re3+ 42. Kd2 Rxe7 0-1

[Event "Late-Titled-Tuesday-Blitz-August-29-2023"]
[Site "Chess.com"]
[Date "2023.08.29"]
[Round "3"]
[White "merinasian"]
[Black "DenizSeyhanoglu1"]
[Result "0-1"]
[WhiteElo "2451"]
[BlackElo "2319"]
[TimeControl "180+1"]
[EndTime "14:28:04 PDT"]
[Termination "DenizSeyhanoglu1 won by resignation"]

1. d4 d5 2. Nf3 Nf6 3. Bf4 c6 4.
e3 Bf5 5. c4 e6 6. Nc3 Nbd7 7.
h3 h6 8. Bd3 Bxd3 9. Qxd3 Be7 10.
O-O O-O 11. Rad1 Qa5 12. a3 dxc4 13. Qxc4 Nb6 14. Qe2 Nbd5 15. Nxd5 exd5 16. Ne5 Rfe8 17. Qf3 Ne4 18. Bxh6 f6 19. Qg4 Bf8 20. Nd7 Qc7 21.
Nxf8 Kxf8 22. Bf4 Qf7 23. f3 f5 24. Qh4 Nf6 25. Be5 Re6 26. g4 fxg4 27. fxg4 Kg8 28. g5 Qg6 29. Kh2 Ne4 30. Qg4 Rae8 31. h4 Nf6 32.
Qf3 Ne4 33. h5 Qxg5 34. Rg1 Qh4+ 35. Qh3 Qxh3+ 36. Kxh3 Nf2+ 37. Kh2 Nxd1 38. Rxd1 Rxe5 39. dxe5 Rxe5 40. Rd3 Rxh5+ 41. Kg3 Kf7 42. Rb3 b6 43.
Rc3 c5 44. Rc1 Ke6 45. Rf1 Rf5 46. Rh1 Ke5 47. Rh7 Rf7 48. Rh5+ Ke4 49. Rh4+ Kxe3 50. Ra4 d4 0-1

[Event "Late-Titled-Tuesday-Blitz-August-29-2023"]
[Site "Chess.com"]
[Date "2023.08.29"]
[Round "3"]
[White "Fonsofan"]
[Black "YQPerez"]
[Result "0-1"]
[WhiteElo "2677"]
[BlackElo "2897"]
[TimeControl "180+1"]
[EndTime "14:28:05 PDT"]
[Termination "YQPerez won by checkmate"]

1. Nf3 d5 2. g3 Nf6 3. Bg2 Bf5 4. d3 e6 5. O-O Be7 6. Nbd2 h6 7. Qe1 Bh7 8. e4 O-O 9. Qe2 Nc6 10. c3 a5 11.
a4 Nd7 12. Nb3 Nc5 13. Nxc5 Bxc5 14. Be3 d4 15. cxd4 Nxd4 16. Nxd4 Bxd4 17. Rfc1 c6 18. Bxd4 Qxd4 19. Rc4 Qb6 20. d4 Rad8 21. Rd1 Rd7 22.
d5 Rfd8 23. Rcd4 e5 24. R4d2 Bg6 25. Bf3 Rd6 26. h4 f6 27. Bh5 Bxh5 28. Qxh5 Qc5 29.
Qg4 Kh8 30. h5 Qb4 31. Qe2 Qxa4 32. dxc6 Qxc6 33. Rxd6 Rxd6 34. Rxd6 Qxd6 35. Qb5 Qc6 36. Qd3 Kh7 37. Qf3 Qd7 38. g4 a4 39. Kg2 b5 40.
Kg3 b4 41. Kh4 Kh8 42. Qe3 Qd4 43. Qe2 Qa7 44. Qb5 Qxf2+ 45. Kh3 Qf3+ 46. Kh4 Qxe4 47. Qxa4 Kh7 48. Qe8 Qc2 49. b3 Qh2# 0-1

[Event "Late-Titled-Tuesday-Blitz-August-29-2023"]
[Site "Chess.com"]
[Date "2023.08.29"]
[Round "3"]
[White "platy3"]
[Black "HenriL"]
[Result "1-0"]
[WhiteElo "2913"]
[BlackElo "2508"]
[TimeControl "180+1"]
[EndTime "14:28:05 PDT"]
[Termination "platy3 won by resignation"]

1. d4 e6 2. c4 b6 3. Nf3 Bb7 4.
g3 Nf6 5. Bg2 Bb4+ 6. Bd2 Bxd2+ 7. Qxd2 O-O 8. O-O d6 9. Qc2 Nbd7 10. Nc3 Re8 11. Rfd1 Qc8 12. e4 e5 13. d5 a5 14. a3 Ba6 15. Nd2 Nf8 16. b4 N6d7 17. Nb5 Ng6 18. h4 Ne7 19. Bh3 Qd8 20. Qc3 g6 21. Nb3 a4 22. Nd2 f5 23. exf5 Nxf5 24. Ne4 Rf8 25. Rac1 h6 26. Qd2 Kg7 27. Nec3 Nf6 28. Qd3 Ng8 29. Re1 Rf7 30. h5 Nge7 31.
hxg6 Rf6 32. Bg4 Bc8 33. Bf3 Rxg6 34. Be4 Rf6 35. c5 bxc5 36. bxc5 Bd7 37. c6 Bc8 38. Rb1 Ba6 39. Rb4 Bxb5 40. Nxb5 h5 41. Nc3 Nd4 42.
Ne2 Nef5 43. Rb7 Nxe2+ 44. Qxe2 h4 45. Qg4+ Rg6 46. Qxf5 hxg3 47. Qxg6+ 1-0

[Event "Late-Titled-Tuesday-Blitz-August-29-2023"]
[Site "Chess.com"]
[Date "2023.08.29"]
[Round "3"]
[White "jaskol95"]
[Black "krucki03"]
[Result "1-0"]
[WhiteElo "2577"]
[BlackElo "2403"]
[TimeControl "180+1"]
[EndTime "14:28:05 PDT"]
[Termination "jaskol95 won on time"]

1. e4 e6 2. Nf3 d5 3. e5 c5 4.
b4 a5 5. bxc5 Bxc5 6. d4 Be7 7.
Bd3 b6 8. O-O Ba6 9. a4 h5 10.
Ba3 Nh6 11. Bxe7 Qxe7 12. Nc3 Nc6 13. Bxa6 Rxa6 14. Nb5 O-O 15. c3 Nf5 16. Rb1 g6 17. Qd3 Rc8 18. Nd6 Rca8 19. Nb5 Kg7 20. Rb2 h4 21. h3 g5 22. Rfb1 Kh6 23. Nh2 Kg7 24.
Ng4 Rc8 25. Nd6 Nxd6 26. Qxa6 Nc4 27. Qxc8 Nxb2 28. Nf6 Nd8 29. Rxb2 Kg6 30. Qd7 Qa3 31. Rb1 Qxc3 32. Qxd8 Qxd4 33. Qg8+ Kf5 34. Qh7+ Kf4 35. Qh5 Kxe5 36. Qxg5+ Kd6 37. Qe3 Qxf6 38. Qxb6+ Ke5 39. Qb2+ d4 40. Re1+ Kf5 41. Qb5+ e5 42. Qxa5 Qd6 43.
Qd2 e4 44. a5 d3 45. Qe3 Qd5 46. a6 Qa8 47. a7 Qd5 48. Qxe4+ Qxe4 49. Rxe4 d2 50. Rd4 d1=Q+ 51. Rxd1 1-0

[Event "Late-Titled-Tuesday-Blitz-August-29-2023"]
[Site "Chess.com"]
[Date "2023.08.29"]
[Round "3"]
[White "azikom"]
[Black "DawidCzerw"]
[Result "1-0"]
[WhiteElo "2701"]
[BlackElo "2484"]
[TimeControl "180+1"]
[EndTime "14:28:06 PDT"]
[Termination "azikom won by resignation"]

1. c4 Nf6 2. Nc3 e6 3. e4 d5 4. e5 d4 5. exf6 dxc3 6. bxc3 Qxf6 7. Nf3 b6 8. d4 h6 9. Bd3 Bb7 10. O-O Nd7 11. a4 a5 12. Re1 Bd6 13. Nd2 O-O 14. Ne4 Qe7 15. Ra2 Nf6 16. Nxd6 Qxd6 17. f3 Rad8 18. Qe2 Rfe8 19. Ba3 Qd7 20. Raa1 Bc6 21. Bc2 Rc8 22. Bc1 Bb7 23. Be3 Ba6 24. Bd3 e5 25. d5 c6 26. Bxb6 cxd5 27. c5 Bxd3 28. Qxd3 Qc6 29. Qb5 Qe6 30. Bxa5 e4 31. fxe4 Nxe4 32. Bb6 Qf6 33. a5 Re5 34. Qf1 Rf5 35. Qe2 Rf2 36.
Qg4 Re8 37. Rf1 Rxf1+ 38. Rxf1 Qxc3 39. Qf3 Qd4+ 40. Kh1 Ng5 41. Qf5 Re2 42. c6 Qc3 43. c7 Ne4 44. c8=Q+ Qxc8 45. Qxc8+ Kh7 46. Qf5+ 1-0

[Event "Late-Titled-Tuesday-Blitz-August-29-2023"]
[Site "Chess.com"]
[Date "2023.08.29"]
[Round "3"]
[White "gordonzyxu"]
[Black "Iball95"]
[Result "1-0"]
[WhiteElo "2115"]
[BlackElo "2742"]
[TimeControl "180+1"]
[EndTime "14:28:06 PDT"]
[Termination "gordonzyxu won by checkmate"]

1. e4 c5 2. Nf3 e6 3. d4 cxd4 4. Nxd4 Nf6 5. Nc3 Nc6 6. Nxc6 bxc6 7. e5 Nd5 8. Ne4 f5 9. exf6 Nxf6 10. Nd6+ Bxd6 11.
Qxd6 Ba6 12. Bxa6 Qa5+ 13. Bd2 Qxa6 14. Bb4 O-O-O 15. a3 Rhe8 16. O-O-O e5 17. Rhe1 Re6 18. Qc5 d5 19. f4 Ne4 20. Qe3 exf4 21. Qxf4 Rf6 22.
Qe5 Qb7 23. Qe7 Rf7 24. Qe6+ Qd7 25. Rxe4 dxe4 26. Rxd7 Rf1+ 27. Kd2 Rxd7+ 28. Ke3 Rf6 29. Qe8+ Rd8 30. Qe7 Rd7 31. Qc5 Re6 32. Qf8+ Kb7 33. Bc5 Re5 34. Bd4 Ree7 35. Qg8 h6 36. Qb3+ Kc8 37. Bc5 Re5 38. Qb4 Rdd5 39. Bd6 Rb5 40. Bxe5 Rxb4 41. axb4 g6 42. Kxe4 Kd7 43. Bg7 h5 44.
Ke5 Ke7 45. Bf6+ Kf7 46. Bd8 Ke8 47. Bc7 Ke7 48. Bd6+ Kd7 49. Bc5 a6 50. Kf6 h4 51.
Kxg6 Ke6 52. Kg5 Kd5 53. Kxh4 a5 54. Kg5 a4 55. h4 Kc4 56. h5 a3 57. bxa3 Kc3 58. h6 Kd2 59. h7 Ke2 60. h8=Q Kd1 61. Qd4+ Ke2 62. Qd3+ Ke1 63. Be3 c5 64. Qd2+ Kf1 65.
Qf2# 1-0

[Event "Late-Titled-Tuesday-Blitz-August-29-2023"]
[Site "Chess.com"]
[Date "2023.08.29"]
[Round "3"]
[White "chessisveryfun1264"]
[Black "19912131712118"]
[Result "0-1"]
[WhiteElo "2506"]
[BlackElo "2408"]
[TimeControl "180+1"]
[EndTime "14:28:07 PDT"]
[Termination "19912131712118 won by resignation"]

1. b3 c5 2. Bb2 Nc6 3. e3 d6 4. Nf3 Nf6 5. d4 cxd4 6. exd4 e6 7. c4 Be7 8. d5 exd5 9. cxd5 Nb4 10. Nc3 O-O 11. a3 Na6 12. Bd3 Bg4 13. O-O Rc8 14.
Bc2 Bh5 15. b4 Nc7 16. Qd4 a6 17. Nh4 Bg6 18. Nxg6 hxg6 19. Rae1 Re8 20. Re3 Ncxd5 21. Nxd5 Rxc2 22. Rfe1 Rc7 23. Nxf6+ gxf6 24. h3 b5 25.
Qxf6 Bxf6 26. Rxe8+ Qxe8 27. Rxe8+ Kg7 28. Bxf6+ Kxf6 29. Ra8 Rc6 30. h4 d5 31. Rd8 Ke6 32. Re8+ Kd7 33. Re3 Rc1+ 34. Kh2 Rd1 35. g4 d4 36. Rb3 Kd6 37. h5 gxh5 38. gxh5 Re1 39. Rf3 Re5 40. Rh3 Re8 41. Kg3 Rh8 42. Kf4 Kd5 43.
Kg5 Kc4 44. Kf6 d3 45. Kg7 Rd8 46. Rh1 d2 47. Rd1 Kc3 48. h6 Kc2 49. Rxd2+ Kxd2 50. h7 Kd3 51. Kxf7 Ke4 52. Kg7 Kf3 53. h8=Q Rxh8 54. Kxh8 Kxf2 55. Kg7 Ke3 56. Kf6 Kd4 57. Ke6 Kc4 58. Kd6 Kb3 0-1

[Event "Late-Titled-Tuesday-Blitz-August-29-2023"]
[Site "Chess.com"]
[Date "2023.08.29"]
[Round "3"]
[White "S-Fazulyanov"]
[Black "Beca95"]
[Result "0-1"]
[WhiteElo "2698"]
[BlackElo "2952"]
[TimeControl "180+1"]
[EndTime "14:28:08 PDT"]
[Termination "Beca95 won on time"]

1. e4 c5 2. Nf3 d6 3. d4 cxd4 4.
Nxd4 Nf6 5. Nc3 a6 6. g3 e5 7. Nde2 Be7 8. Bg2 Nbd7 9. O-O b5 10. h3 Bb7 11. a4 b4 12. Nd5 Nxd5 13. exd5 a5 14.
g4 Ba6 15. Be3 O-O 16. Qd2 Rc8 17. Rfc1 Bxe2 18. Qxe2 Bg5 19. c4 Nc5 20. Rf1 h6 21.
Bxc5 Rxc5 22. b3 g6 23. Be4 f5 24. Bc2 Bf4 25. Qf3 Kh8 26. Kg2 Qg5 27. Rh1 e4 28. Qe2 Rc7 29. Rag1 Qf6 30. h4 Re7 31. gxf5 gxf5 32.
Kf1 Qa1+ 33. Kg2 Qc3 34. Kf1 Rg8 35. Rxg8+ Kxg8 36. h5 Rg7 37. Qd1 Rg5 38. Qe2 Kg7 39. Qd1 Kf6 40. Qe2 Ke5 41. Qd1 Rg4 42. Qe2 Bg5 43. Bd1 Rf4 44. Qe1 Qd4 45. Qe2 Rf3 46. Rg1 Rd3 47. Bc2 Rd2 0-1

[Event "Late-Titled-Tuesday-Blitz-August-29-2023"]
[Site "Chess.com"]
[Date "2023.08.29"]
[Round "3"]
[White "NovikovaGalina"]
[Black "biostatistician"]
[Result "0-1"]
[WhiteElo "2406"]
[BlackElo "2578"]
[TimeControl "180+1"]
[EndTime "14:28:08 PDT"]
[Termination "biostatistician won by resignation"]

1. e4 e5 2. Nf3 Nc6 3. Bc4 Bc5 4. b4 Bxb4 5. c3 Be7 6. d4 Na5 7. Nxe5 Nxc4 8. Nxc4 d5 9. exd5 Qxd5 10. Ne3 Qa5 11. O-O Nf6 12. Nc4 Qa6 13. Ne5 O-O 14. Nd2 Be6 15.
Nb3 b6 16. Bg5 h6 17. Bh4 Qb7 18. Qe2 Rfe8 19. Rae1 Rad8 20. f4 c5 21. dxc5 bxc5 22. Rb1 Qc7 23. Kh1 Nd5 24. Be1 Bf6 25. Qf2 Nxf4 26.
Qxf4 Bxe5 27. Qh4 Rd3 28. Nd2 Bxc3 29. Nf3 Bd5 30. Bxc3 Rxc3 31. Rbe1 Rxe1 32. Rxe1 Bxf3 33. gxf3 Qc6 34. Qe4 Qxe4 35. Rxe4 Rxf3 36. Ra4 Rf2 37. Rxa7 c4 38. Rc7 Rxa2 39. Rxc4 g6 40. Rb4 Kg7 41. Rb6 g5 42. Rc6 f6 43. Rb6 Kg6 44. Rc6 h5 45.
Rb6 g4 46. Rc6 h4 47. Rc5 f5 48. Rb5 Kg5 49. Rc5 h3 50. Rc1 f4 51. Rg1 Kh4 52. Rf1 Rb2 53. Rg1 g3 54. Rc1 Rxh2+ 55. Kg1 Ra2 56.
Rb1 Kg4 57. Kh1 f3 58. Rb4+ Kf5 59. Rb5+ Ke4 60. Rb4+ Kd5 61. Rb5+ Kc4 62. Rb1 Rh2+ 63. Kg1 f2+ 64. Kf1 Rh1+ 65. Ke2 Rxb1 0-1

[Event "Late-Titled-Tuesday-Blitz-August-29-2023"]
[Site "Chess.com"]
[Date "2023.08.29"]
[Round "3"]
[White "only_strong_moves"]
[Black "tarno17"]
[Result "1-0"]
[WhiteElo "2527"]
[BlackElo "2183"]
[TimeControl "180+1"]
[EndTime "14:28:09 PDT"]
[Termination "only_strong_moves won on time"]

1. d4 d5 2. Nc3 Nf6 3. Bf4 c6 4. e3 e6 5. Nf3 Be7 6. Ne5 Nbd7 7. Be2 Nf8 8. O-O Ng6 9. Bg3 Nxe5 10. Bxe5 b6 11. a4 a5 12. Nb1 Ba6 13. Bxa6 Rxa6 14. Qe2 Ra7 15. Nd2 O-O 16. Bxf6 Bxf6 17. f4 c5 18. c3 Qd7 19. Kh1 Rb8 20. g4 cxd4 21. exd4 b5 22. b3 b4 23. g5 Be7 24. cxb4 Bxb4 25.
Nf3 Bc3 26. Rac1 Bb4 27. f5 exf5 28. Ne5 Qd6 29. Nc6 Rab7 30. Nxb8 Rxb8 31. Rxf5 g6 32. Rf6 Qd7 33. Rcf1 Rf8 34. Qb5 Qc7 35. Qxd5 Bc3 36.
Qc4 Qxc4 37. bxc4 Bxd4 38. Ra6 Be3 39. Rxa5 Kg7 40. c5 Rc8 41. Ra7 Bxc5 42. Rfxf7+ Kg8 43. Rg7+ Kf8 44. Raf7+ Ke8 45. Rg8+ Kxf7 46. Rxc8 Bb4 47.
Rc7+ Ke6 48. Rxh7 Kf5 49. h4 Kg4 50. Rh6 Kf5 51. Kg2 Bc3 52. Kf3 Bb4 53. Ke3 Ba3 54. Kd4 Bb2+ 55. Kc4 Bc1 56. a5 Be3 57. a6 1-0

[Event "Late-Titled-Tuesday-Blitz-August-29-2023"]
[Site "Chess.com"]
[Date "2023.08.29"]
[Round "3"]
[White "Elsa167"]
[Black "Djager97"]
[Result "1-0"]
[WhiteElo "2880"]
[BlackElo "2596"]
[TimeControl "180+1"]
[EndTime "14:28:10 PDT"]
[Termination "Elsa167 won on time"]

1. d4 d5 2. c4 e6 3. Nf3 c6 4. Nc3 Nf6 5. Bg5 Nbd7 6. cxd5 exd5 7. e3 Be7 8. Bd3 O-O 9. Qc2 Re8 10. O-O h6 11.
Bh4 Ne4 12. Bxe7 Qxe7 13. Rae1 Ndf6 14. Ne5 Nxc3 15. bxc3 c5 16. a4 Be6 17. Qb2 b6 18. a5 Qc7 19. Ra1 Nd7 20. Nxd7 Bxd7 21. Rfb1 Rab8 22. axb6 Rxb6 23. Qa3 c4 24. Bc2 Reb8 25. Rxb6 axb6 26. h3 Be6 27. Qb4 Qd7 28. Ra6 b5 29. e4 dxe4 30. Bxe4 Bd5 31. Rd6 Qe7 32. Bxd5 Qe1+ 33.
Kh2 Qxf2 34. Bf3 Qe3 35. Bc6 Qf4+ 36. g3 Qf2+ 37. Bg2 Re8 38. Qxb5 Re3 39. Rd8+ Kh7 40. Qb8 Re2 41. Rh8+ Kg6 42. Qd6+ f6 43. Qc6 Re1 44. h4 Qg1+ 45. Kh3 Re3 46. Qd6 1-0

[Event "Late-Titled-Tuesday-Blitz-August-29-2023"]
[Site "Chess.com"]
[Date "2023.08.29"]
[Round "3"]
[White "b_6"]
[Black "bescmelasti"]
[Result "1-0"]
[WhiteElo "2470"]
[BlackElo "2636"]
[TimeControl "180+1"]
[EndTime "14:28:10 PDT"]
[Termination "b_6 won on time"]

1. Nf3 Nc6 2. d4 d5 3. Bf4 Bg4 4. e3 e6 5. c3 Bd6 6. Nbd2 Bxf4 7. exf4 Nge7 8. h3 Bh5 9. Bd3 Bg6 10. Qe2 Bxd3 11.
Qxd3 Qd6 12. g3 O-O 13. O-O Nf5 14. Kg2 f6 15. Rae1 Rae8 16. Re2 Nce7 17. Rfe1 Ng6 18.
Qb5 b6 19. Nf1 c6 20. Qa4 Qd7 21. Qc2 Nd6 22. N1d2 Re7 23. h4 Nh8 24. h5 Nhf7 25.
Nh4 Rfe8 26. Nhf3 a5 27. Qb3 b5 28. Qc2 Nh6 29. b3 Ng4 30. Rh1 Nf7 31. Rhe1 Qd6 32. c4 dxc4 33. bxc4 Nfh6 34. Ne4 Qb4 35. cxb5 cxb5 36.
Nc5 Nf5 37. Rxe6 Rxe6 38. Nxe6 Nd6 39. Qc6 Qc4 40. Qxc4 Nxc4 41. d5 1-0

[Event "Late-Titled-Tuesday-Blitz-August-29-2023"]
[Site "Chess.com"]
[Date "2023.08.29"]
[Round "3"]
[White "IMRosen"]
[Black "Training_Day"]
[Result "1-0"]
[WhiteElo "2619"]
[BlackElo "2419"]
[TimeControl "180+1"]
[EndTime "14:28:10 PDT"]
[Termination "IMRosen won on time"]

1. d4 d5 2. Bf4 c5 3. Nc3 Nf6 4. e4 Nxe4 5. Nxe4 dxe4 6. dxc5 Qa5+ 7. c3 Qxc5 8. Qa4+ Nc6 9. Qxe4 g6 10. Be3 Qf5 11.
Bd3 Bg7 12. Ne2 O-O 13. O-O Rd8 14. Rfd1 Qxe4 15. Bxe4 Bd7 16. h3 Be8 17. f4 e6 18.
Kf2 h5 19. g3 Rac8 20. Bxc6 Bxc6 21. Bxa7 Rxd1 22. Rxd1 Ra8 23. Bc5 Rxa2 24. Ba3 Bd5 25. Ke3 Bf8 26. Bxf8 Kxf8 27. Rd2 Ke7 28. Nd4 Ra1 29.
h4 Rg1 30. Ne2 Rg2 31. Rd4 Bc6 32. Rb4 Kd6 33. Rd4+ Ke7 34. b3 Kf6 35. Rd6 Ke7 36. Rd2 Kf6 37. c4 e5 38. Rd6+ Kf5 39. fxe5 Kxe5 40.
Rd2 b5 41. Rc2 bxc4 42. bxc4 1-0

[Event "Late-Titled-Tuesday-Blitz-August-29-2023"]
[Site "Chess.com"]
[Date "2023.08.29"]
[Round "3"]
[White "Andrei_Skvortsov"]
[Black "joksijoksi"]
[Result "1-0"]
[WhiteElo "2670"]
[BlackElo "2455"]
[TimeControl "180+1"]
[EndTime "14:28:11 PDT"]
[Termination "Andrei_Skvortsov won on time"]

1. e4 c5 2. d4 cxd4 3. Qxd4 Nc6 4. Qd3 g6 5. Nf3 Bg7 6. Be2 d6 7. O-O Nf6 8. Nc3 O-O 9. Nd5 a6 10.
c3 b5 11. Bg5 Nd7 12. Qe3 Bb7 13. Nd4 Nde5 14. f4 Nxd4 15. Nxe7+ Kh8 16. fxe5 Nxe2+ 17. Qxe2 Qb6+ 18. Be3 Qc7 19. exd6 Qxd6 20. Nd5 Rae8 21.
Qf3 f5 22. Bf4 Qd8 23. Nc7 Bxe4 24. Qf2 Re7 25. Nxa6 Rd7 26. Nc5 Rd5 27. Be3 Re8 28. Rfe1 h6 29. Nxe4 fxe4 30. Qg3 Kh7 31. Rf1 Rf8 32.
Rxf8 Qxf8 33. Rf1 Qd6 34. Qxd6 Rxd6 35. Re1 g5 36. Kf2 Be5 37. h3 Kg6 38. Ke2 Kf5 39.
Rf1+ Ke6 40. Ra1 Bf4 41. a4 bxa4 42. Rxa4 Ke5 43. Bd4+ Ke6 44. Ra5 Rd7 45. Rb5 1-0

[Event "Late-Titled-Tuesday-Blitz-August-29-2023"]
[Site "Chess.com"]
[Date "2023.08.29"]
[Round "3"]
[White "Veleamater"]
[Black "Kombinator01"]
[Result "0-1"]
[WhiteElo "2292"]
[BlackElo "2458"]
[TimeControl "180+1"]
[EndTime "14:28:11 PDT"]
[Termination "Kombinator01 won by resignation"]

1. g3 h5 2. Bg2 h4 3. gxh4 e5 4. d4 exd4 5. Nf3 Nc6 6. c3 dxc3 7. Nxc3 Bb4 8. Bg5 f6 9. Bf4 d6 10. Qd3 Nge7 11. Nd4 Bxc3+ 12. bxc3 Ne5 13. Qg3 c5 14. Bxe5 dxe5 15. Nf3 Kf7 16. Bh3 Bxh3 17. Qxh3 Qa5 18.
O-O Rad8 19. a4 Ng6 20. Rab1 Qc7 21. Ng5+ fxg5 22. Qf5+ Kg8 23. Qxg6 Rd6 24. Qxg5 Qc6 25. h5 Rxh5 26. Qxh5 Rg6+ 27. Qxg6 Qxg6+ 28. Kh1 b6 29. f3 e4 30. Rbd1 Qe6 31. e3 exf3 32. Rxf3 Qe4 33.
Kg2 Qg4+ 34. Kf2 Qh4+ 35. Ke2 Qxh2+ 36. Rf2 Qh5+ 37. Ke1 Qh1+ 38. Ke2 Qh5+ 39. Ke1 Qe5 40. Rd8+ Kh7 41. Kd2 g6 42. Rd7+ Kh6 43. Rf4 g5 44. Rff7 g4 45. c4 Kg5 46. Rg7+ Kh4 47. Rdf7 Qb2+ 48.
Kd3 Qb3+ 49. Kd2 Qxc4 50. Rf4 Qd5+ 51. Ke2 Qa2+ 52. Kf1 Qb1+ 53. Kg2 Qc2+ 54. Rf2 Qe4+ 55. Kh2 Qe5+ 56. Kg2 Qxg7 57. Rf4 Qb2+ 0-1

[Event "Late-Titled-Tuesday-Blitz-August-29-2023"]
[Site "Chess.com"]
[Date "2023.08.29"]
[Round "3"]
[White "Quattroporte300"]
[Black "MikeSailer"]
[Result "0-1"]
[WhiteElo "2386"]
[BlackElo "2175"]
[TimeControl "180+1"]
[EndTime "14:28:11 PDT"]
[Termination "MikeSailer won by resignation"]

1. e4 d5 2. exd5 Qxd5 3. Nf3 Nc6 4. d4 Bg4 5. Be2 O-O-O 6. Be3 Nf6 7. O-O Qf5 8. c4 e5 9. d5 e4 10. Nd4 Nxd4 11.
Bxd4 Bd6 12. Bxf6 Bxe2 13. Qxe2 Qxf6 14. Nc3 Rhe8 15. Nxe4 Bxh2+ 16. Kxh2 Qh4+ 17. Kg1 Rxe4 18. Qf3 Rf4 19. Qg3 Rxc4 20. Rad1 Qxg3 21. fxg3 f6 22.
Rfe1 Kd7 23. Kf2 Rc2+ 24. Re2 Rxe2+ 25. Kxe2 Kd6 26. Kf3 Re8 27. g4 Re5 28. Rh1 h6 29. Kf4 Rxd5 30. Re1 Kd7 31. a3 c5 32. g3 b5 33. Re3 c4 34. Rc3 Kd6 35. Re3 g5+ 36.
Kf3 Rd3 37. Rxd3+ cxd3 38. Ke3 Ke5 39. Kxd3 f5 40. gxf5 Kxf5 41. Ke3 Kg4 42. Kf2 h5 43. b3 a5 44. a4 b4 45. Kg2 h4 46. gxh4 gxh4 47.
Kh2 Kf4 48. Kh3 Ke3 49. Kxh4 Kd3 50. Kg5 Kc3 51. Kf4 Kxb3 0-1